 Dungeon Crawl Stone Soup version 0.31-a0-544-gceb718ecc6 (webtiles) character file.

Game seed: 5078609328332053731

47 Ofeo the Insei (level 3, 15/42 HPs)
             Began as a Demonspawn Shapeshifter on Aug 15, 2023.
             Quit the game on level 2 of the Dungeon.
             The game lasted 00:01:22 (1072 turns).

Ofeo the Insei (Demonspawn Shapeshifter)            Turns: 1072, Time: 00:01:23

Health: 15/42      AC: 21    Str: 15    XL:     3   Next: 48%
Magic:  3/3        EV:  2    Int:  9    God:
Gold:   17         SH:  0    Dex: 15    Spells: 2/2 levels left

rFire   . .          .
                       - Unarmed
rCold   . . .        (no shield)
rNeg    . . .        a - melded +0 animal skin
rPois   +            (helmet currently unavailable)
rElec   .            (cloak currently unavailable)
rCorr   .            (gloves currently unavailable)
SInv    .            (boots currently unavailable)
Will    .....        (no amulet)
Stlth   +            (no ring)
HPRegen 0.27/turn    (no ring)
MPRegen 0.08/turn

%: no passive effects
@: tree-form
A: stationary, stasis, torment immunity, boosted hp, repulsion field 1, foul
stench 1
a: no special abilities


You were on level 2 of the Dungeon.
You were a tree.
You visited 1 branch of the dungeon, and saw 2 of its levels.

You collected 17 gold pieces.

Inventory:

Armour
 a - a +0 animal skin (melded)
Talismans
 c - a beast talisman
 d - a flux talisman


   Skills:
 + Level 2.6 Fighting
 - Level 2.1 Dodging
 - Level 3.0 Unarmed Combat
 - Level 2.8 Shapeshifting


You had 2 spell levels left.
You didn't know any spells.
Your spell library was empty.

Dungeon Overview and Level Annotations

Branches:
Dungeon (2/15)

Altars:


Innate Abilities, Weirdness & Mutations

You are a tree.
Your roots penetrate the ground, keeping you stationary.
You cannot be teleported.
You are immune to unholy pain and torment.
Your maximum health is greatly increased.
Your equipment is partially melded.
You are surrounded by a mild repulsion field. (EV +2)
You may rarely emit foul miasma when damaged in melee.


Message History

The goblin hits you but does no damage.
The hobgoblin hits you but does no damage.
You barely miss the goblin. The goblin hits you with a +0 club.
* * * LOW HITPOINT WARNING * * *
The goblin hits you but does no damage.
The hobgoblin hits you but does no damage.
You take 1 damage, and have 9/42 hp.
You smack the goblin!
You kill the goblin!
The hobgoblin hits you but does no damage.
The goblin hits you with a +0 club.
* * * LOW HITPOINT WARNING * * *
You take 1 damage, and have 8/42 hp.
You hit the goblin.
You kill the goblin!
The hobgoblin hits you but does no damage.
The goblin barely misses you.
You cannot move.
You miss the goblin.
The hobgoblin hits you but does no damage.
The goblin hits you but does no damage.
You hit the goblin but do no damage.
The hobgoblin hits you but does no damage.
The goblin hits you but does no damage.
You hit the goblin.
You kill the goblin!
The hobgoblin hits you but does no damage.
You cannot move.
You smack the hobgoblin!
You kill the hobgoblin!
You cannot move.
You start resting.
A giant cockroach comes into view.
You regained 6 hp, and now have 15/42 hp.
A giant cockroach is nearby!
A giant cockroach is nearby!
A giant cockroach is nearby!
You cannot move.
You swing at nothing.
Are you sure you want to abandon this character and quit the game? (Confirm with "yes".)

#.# #.# #+## #.#
#...# #.###
#..... #.#.##
#......
#....####)......
#......)♣).....~
#....####......~
#.#(## #......
#.### #....~
#.## #...# #.<#
#+## ##.# #.#
#.#


There were no monsters in sight!

Vanquished Creatures
  Robin (D:2)
  A dart slug (D:1)
  2 ball pythons (D:1)
  An endoplasm (D:2)
  A giant cockroach (D:1)
  12 goblins
  3 hobgoblins
  A kobold (D:1)
  2 quokkas
  2 bats (D:1)
  5 rats (D:1)
31 creatures vanquished.

Notes
Turn   | Place    | Note
-------+----------+-------------------------------------------
     0 | D:1      | Ofeo the Demonspawn Shapeshifter began the quest for the
                  | Orb.
     0 | D:1      | Reached XP level 1. HP: 15/15 MP: 1/1
   513 | D:1      | Gained mutation: You are surrounded by a mild repulsion
                  | field. (EV +2) [demonic ancestry]
   513 | D:1      | Reached XP level 2. HP: 10/21 MP: 2/2
   779 | D:1      | Reached skill level 3 in Unarmed Combat
  1020 | D:2      | Noticed Robin
  1031 | D:2      | Killed Robin
  1032 | D:2      | Gained mutation: You may rarely emit foul miasma when
                  | damaged in melee. [demonic ancestry]
  1032 | D:2      | Reached XP level 3. HP: 10/27 MP: 3/3
  1072 | D:2      | Quit the game

Illustrated notes

Levels and vault maps discovered:
D:1:      dpeg_arrival_simpleton_a, layout_loops_corners
D:2:      layout_loops_corners, serial_bayou, serial_bayou_shore_b,
          serial_bayou_lagoon_b, serial_bayou_lake_a, serial_bayou_pond_d,
          minivault_19, uniq_robin

Skill      XL: |  1  2 |
---------------+-------+-----
Dodging        | 2 |  2.1
Unarmed Combat | 3 |  3.0
Fighting       | 2 |  2.6
Shapeshifting  | |  2.8

Action                     || total
---------------------------++-------
  Melee: Unarmed           ||    90
         Punch             ||     4
    Use: Potion            ||     2
   Stab: Sleeping          ||     2
 Armour: Animal skin       ||     7
         Skin              ||    43
  Dodge: Dodged            ||    51

Table legend: (Time is in decaauts)
 A = Elapsed time spent in this place.
 B = Non-inter-level travel time spent in this place.
 C = Inter-level travel time spent in this place.
 D = Time resting spent in this place.
 E = Time spent auto-exploring this place.
 F = Levels seen in this place.
 G = Mean time per level.
                   A        B        C        D        E       F      G
               +--------+--------+--------+--------+--------+-----+--------+
         Total |   1067 |   1038 |     29 |     22 |    824 |   2 |  533.5 |
       Dungeon |   1067 |   1038 |     29 |     22 |    824 |   2 |  533.5 |
               +--------+--------+--------+--------+--------+-----+--------+

Top non-repeatable levels by time:
     D:1: 975 daAuts
     D:2: 92 daAuts
